 Dungeon Crawl Stone Soup version 0.32-a0-30-gefbe487952 (webtiles) character file.

Game seed: 15020558987505467070

65 kae the Changeling (level 3, -3/39 HPs)
             Began as a Demonspawn Shapeshifter on Jan 19, 2024.
             Slain by Terence
             ... wielding a +0 flail
              (6 damage)
             ... on level 2 of the Dungeon.
             The game lasted 00:01:07 (976 turns).

kae the Changeling (Demonspawn Shapeshifter)         Turns: 976, Time: 00:01:08

Health: -3/39      AC: 21    Str: 14    XL:     3   Next: 94%
Magic:  3/3        EV:  2    Int: 10    God:
Gold:   43         SH:  4    Dex: 14    Spells: 2/2 levels left

rFire   . .          .
                       - Unarmed
rCold   . . .        (no shield)
rNeg    . . .        a - melded +0 animal skin
rPois   +            (helmet currently unavailable)
rElec   .            (cloak currently unavailable)
rCorr   .            (gloves currently unavailable)
SInv    .            (boots currently unavailable)
Will    .....        (no amulet)
Stlth   +            (no ring)
HPRegen 0.26/turn    (no ring)
MPRegen 0.08/turn

%: no passive effects
@: tree-form
A: stationary, stasis, torment immunity, boosted hp, powered by death 1,
condensation shield, (iridescent scales 1), subdued magic 1
a: no special abilities


You were on level 2 of the Dungeon.
You were a tree.
You visited 1 branch of the dungeon, and saw 2 of its levels.

You collected 43 gold pieces.


Innate Abilities, Weirdness & Mutations

You are a tree.
Your roots penetrate the ground, keeping you stationary.
You cannot be teleported.
You are immune to unholy pain and torment.
Your maximum health is greatly increased.
Your equipment is partially melded.
You regenerate a little health from kills.
A meltable shield of frost defends you. (SH +4)
((You are partially covered in iridescent scales. (AC +2)))
Your spells are a little easier to cast, but a little less powerful.


   Skills:
 - Level 1.0 Fighting
 - Level 1.7 Dodging
 + Level 3.3 Unarmed Combat
 * Level 3.7 Shapeshifting


You had 2 spell levels left.
You didn't know any spells.
Your spell library contained the following spells:

 Spells                   Type           Power      Damage    Failure   Level
 Lesser Beckoning         Tloc           0%         N/A       45%         2
 Gell's Gravitas          Tloc           0%         N/A       71%         3
 Teleport Other           Tloc           0%         N/A       71%         3
 Tukima's Dance           Hex            0%         N/A       71%         3
 Passage of Golubria      Tloc           0%         N/A       98%         4
 Yara's Violent Unravell  Hex/Alch       0%         3d3       100%        5

Inventory:

Missiles
 e - 16 stones (quivered)
 j - 6 boomerangs
Armour
 a - a +0 animal skin (melded)
Magical Staves
 f - a staff of conjuration {!a}
   (You found it on level 1 of the Dungeon)
 k - a staff of air {!a}
   (You found it on level 1 of the Dungeon)
Jewellery
 L - a ring of flight
   (You found it on level 2 of the Dungeon)
Talismans
 c - a beast talisman
 d - a flux talisman
Scrolls
 h - 2 scrolls of vulnerability {!r!r}
 i - a scroll of fog
Potions
 b - a potion of lignification {!q}
 g - a potion of mutation {!q}

Dungeon Overview and Level Annotations

Branches:
Dungeon (2/15) Zot: 11030

Altars:

Annotations:
D:2 Terence

...... .....
## .... .b
@.. ##. ..
#...#.
#...######
#..r@♣..#
#...#####.#
### #.# #.#
#####'##
#......#
#......#
#......#
#......######


You could see Terence and a rat.


Message History

You hit the ribbon worm. You hit the ribbon worm.
You kill the ribbon worm! 😕 HP[+1]
L - a ring of flight You now have 43 gold pieces (gained 6). 😎 HP[+5]
Your hp is fully restored (26).
No target in view!
No target in view!
You pick up a book of Displacement and begin reading...
You add the spells Lesser Beckoning, Gell's Gravitas and Teleport Other to your library.
You open the door.
A goblin comes into view. It is wielding a +0 dagger.
The goblin shouts!
There is an open door here.
The goblin hits you with a +0 dagger. 😕 HP[-1]
You take 1 damage, and now have 25/26 hp.
A goblin is nearby!
You punch the goblin!
You kill the goblin!
No target in view!
You open the door.
There is an open door here.
A bat comes into view. 😎 HP[+1]
Your hp is fully restored (26).
A quokka and a bat come into view.
The bat barely misses you.
There are monsters nearby!
You hit the bat but do no damage. The bat barely misses you.
You closely miss the bat. The bat barely misses you.
There are monsters nearby!
There are monsters nearby!
You punch the bat!
You kill the bat!
The bat hits you but does no damage.
You miss the bat. You block the bat's attack.
There are monsters nearby!
The bat closely misses you. The bat hits you but does no damage.
You see here a bat corpse.
You hit the bat. You block the bat's attack.
There are monsters nearby!
You closely miss the bat. The bat misses you.
You barely miss the quokka. You block the quokka's attack.
There are monsters nearby!
You hit the quokka. You block the quokka's attack.
You hit the quokka.
You kill the quokka!
The bat hits you. The bat barely misses you. 😕 HP[-1]
You take 1 damage, and now have 25/26 hp.
You hit the bat.
You kill the bat!
No target in view! 😎 HP[+1]
Your hp is fully restored (26).
A bat, a rat and Terence come into view.
Terence shouts!
You see here a bat corpse.
Okay, then.
You barely miss the bat. The bat closely misses you. The bat barely misses you.
It was a potion of mutation.
You feel extremely strange.
Your connection to magic feels subdued.
Iridescent scales grow over part of your body.
You block the bat's attack. The bat hits you but does no damage.
The bat barely misses you.
Unknown command.
You hit the bat. The bat hits you but does no damage.
You punch the bat!
You kill the bat!
You hit Terence but do no damage.
Terence hits you with a +0 flail! 😮 HP[-9]
You take 9 damage, and now have 17/26 hp.
MASSIVE DAMAGE!! (PAUSE)
You hit Terence. You block Terence's attack.
Unknown command.
You hit Terence but do no damage. Terence hits you with a +0 flail.
* * * LOW HITPOINT WARNING * * *
😨 HP[-5]
You take 5 damage, and now have 12/26 hp.
You hit Terence but do no damage. Terence closely misses you.
Unknown command.
You hit Terence but do no damage. Terence hits you with a +0 flail!
* * * LOW HITPOINT WARNING * * *
😱 HP[-10]
You take 10 damage, and now have 2/26 hp.
MASSIVE DAMAGE!! (PAUSE)
Your transformation has ended.
You turn into a tree.
Your +0 animal skin melds into your body.
Your roots penetrate the ground.
Terence hits you but does no damage. 😱 HP[+1]
You now have 39 max hp (+13).
You hit Terence.
The rat twitches its whiskers.
Terence hits you with a +0 flail.
You die...
Terence says, "Rest in peace."

Skill      XL: |  1  2 |
---------------+-------+-----
Shapeshifting  | 3 |  3.7
Unarmed Combat | 3 |  3.3
Fighting       | |  1.0
Dodging        | |  1.7

Action                     || total
---------------------------++-------
  Melee: Unarmed           ||   120
         Punch             ||     2
    Use: Scroll            ||     3
         Potion            ||     2
 Armour: Animal skin       ||    59
         Skin              ||     2
  Dodge: Dodged            ||    63
  Block: Other             ||    17

Levels and vault maps discovered:
D:1:      wander_arrival_peaceful_grave, layout_basic,
          dreamdust_mushroom_princess
D:2:      layout_basic, basic_altar, hangedman_decor_clover_reticule,
          minmay_between, uniq_terence, uniq_sigmund

Notes
Turn   | Place    | Note
-------+----------+-------------------------------------------
     0 | D:1      | kae the Demonspawn Shapeshifter began the quest for the
                  | Orb.
     0 | D:1      | Reached XP level 1. HP: 15/15 MP: 1/1
     0 | D:1      | magus.rc [v1.11.3]
   110 | D:1      | Reached skill level 3 in Shapeshifting
   110 | D:1      | Gained mutation: A meltable shield of frost defends you.
                  | (SH +4) [demonic ancestry]
   110 | D:1      | Reached XP level 2. HP: 21/21 MP: 2/2
   148 | D:1      | Reached skill level 3 in Unarmed Combat
   205 | D:1      | HP: 5/21 [quokka (2)]
   284 | D:1      | You add the spells Tukima's Dance, Passage of Golubria and
                  | Yara's Violent Unravelling to your library.
   338 | D:1      | Gained mutation: You regenerate a little health from kills.
                  | [demonic ancestry]
   338 | D:1      | Reached XP level 3. HP: 19/26 MP: 3/3
   927 | D:2      | You pick up a book of Displacement and begin reading...
   927 | D:2      | You add the spells Lesser Beckoning, Gell's Gravitas and
                  | Teleport Other to your library.
   961 | D:2      | Noticed Terence
   966 | D:2      | Gained mutation: Your spells are a little easier to cast,
                  | but a little less powerful. [potion of mutation]
   966 | D:2      | Gained mutation: You are partially covered in iridescent
                  | scales. (AC +2) [potion of mutation]
   974 | D:2      | HP: 2/26 [Terence/+0 flail (11)]
   976 | D:2      | Slain by Terence

Vanquished Creatures
  An adder (D:2)
  A gnoll (D:1)
  A dart slug (D:1)
  A ribbon worm (D:2)
  3 endoplasms
  3 giant cockroaches (D:1)
  7 goblins
  4 hobgoblins
  5 quokkas
  A ball python (D:1)
  6 bats
  3 frilled lizards (D:1)
  2 rats (D:1)
38 creatures vanquished.

Table legend:
 A = Non-vault XP
 B = Vault XP
 C = Vault XP percentage of total XP
 D = Non-vault monster count
 E = Vault monster count
 F = Vault count percentage of total count
                 A         B        C        D         E       F
            +---------+---------+-------+---------+---------+-------
      Total |      89 |       5 |   5.3 |      35 |       3 |   7.9
            +---------+---------+-------+---------+---------+-------
        D:1 |      56 |       0 |   0.0 |      25 |       0 |   0.0
        D:2 |      33 |       5 |  13.2 |      10 |       3 |  23.1
            +---------+---------+-------+---------+---------+-------

Skill      XL: |  1  2 |
---------------+-------+-----
Shapeshifting  | 3 |  3.7
Unarmed Combat | 3 |  3.3
Fighting       | |  1.0
Dodging        | |  1.7

Action                     || total
---------------------------++-------
  Melee: Unarmed           ||   120
         Punch             ||     2
    Use: Scroll            ||     3
         Potion            ||     2
 Armour: Animal skin       ||    59
         Skin              ||     2
  Dodge: Dodged            ||    63
  Block: Other             ||    17

Illustrated notes

Table legend:
 A = Kills in this place as a percentage of kills in the entire game.
 B = Kills by you in this place as a percentage of kills by you in the entire game.
 C = Kills by friends in this place as a percentage of kills by friends in the entire game.
 D = Other kills in this place as a percentage of other kills in the entire game.
 E = Experience gained in this place as a percentage of experience gained in the entire game.
 F = Experience gained in this place divided by the number of levels of this place that you have seen.
                   A       B       C       D       E      F
               +-------+-------+-------+-------+-------+----------------------
         Total | 100.0 | 100.0 |   N/A |   N/A | 100.0 |  47.0
       Dungeon | 100.0 | 100.0 |   N/A |   N/A | 100.0 |  47.0
               +-------+-------+-------+-------+-------+----------------------

Table legend: (Time is in decaauts)
 A = Elapsed time spent in this place.
 B = Non-inter-level travel time spent in this place.
 C = Inter-level travel time spent in this place.
 D = Time resting spent in this place.
 E = Time spent auto-exploring this place.
 F = Levels seen in this place.
 G = Mean time per level.
                   A        B        C        D        E       F      G
               +--------+--------+--------+--------+--------+-----+--------+
         Total |    968 |    955 |     13 |     91 |    612 |   2 |  484.0 |
       Dungeon |    968 |    955 |     13 |     91 |    612 |   2 |  484.0 |
               +--------+--------+--------+--------+--------+-----+--------+

Top non-repeatable levels by time:
     D:1: 665 daAuts
     D:2: 302 daAuts
